 Dungeon Crawl Stone Soup version 0.28-a0-1213-g0243856f03 (webtiles) character file.

Game seed: 7479505466087194533

62 oldriver the Magician (level 4, -13/32 HPs)
             Began as a Djinni Air Elementalist on Dec 21, 2021.
             Killed from afar by Ijyb (26 damage)
             ... with an iceblast
             ... on level 3 of the Dungeon.
             The game lasted 00:01:39 (3170 turns).

oldriver the Magician (Djinni Air Elementalist)     Turns: 3170, Time: 00:01:39

Health: -13/32     AC:  2    Str:  7    XL:     4   Next: 28%
Gold:   80         EV: 12    Int: 18    God:
                   SH:  0    Dex: 14

rFire   + + .      SeeInvis .   (no weapon)
rCold   x . .      Faith    .   (no shield)
rNeg    . . .      Spirit   .   a - +0 robe
rPois   ∞          Reflect  .   (no helmet)
rElec   .          Harm     .   (no cloak)
rCorr   .          Rampage  .   (no gloves)
Will    .....                   (boots unavailable)
Stlth   ++........              (no amulet)
HPRegen 0.10/turn               (no ring)
MPRegen 0.00/turn               (no ring)

@: flying
A: sickness immunity, fire resistance 2, cold vulnerability 1, float, innate
caster, hp casting, extra vitality 1
a: no special abilities


You were on level 3 of the Dungeon.
You visited 1 branch of the dungeon, and saw 3 of its levels.

You collected 80 gold pieces.

Inventory:

Armour
 a - a +0 robe (worn)
Scrolls
 c - 3 scrolls of identify {unknown}
 e - a scroll of summoning {unknown}
 f - a scroll of enchant armour {unknown}
 h - a scroll of enchant weapon {unknown}
 k - a scroll of vulnerability {unknown}
 l - a scroll of torment {unknown}
Potions
 b - a potion of attraction {unknown}
 g - a potion of heal wounds {unknown}
 i - 2 potions of lignification {unknown}
 j - a potion of ambrosia {unknown}
 m - 2 potions of might {unknown}


   Skills:
 * Level 1.2 Fighting
 + Level 2.4 Dodging
 + Level 1.7 Stealth
 + Level 3.4 Spellcasting


You couldn't memorise any spells.
You knew the following spells:

 Your Spells              Type           Power      Damage    Failure   Level
a - Shock                 Conj/Air       60%        1d6       3%          1
b - Static Discharge      Conj/Air       15%        N/A       5%          2
c - Swiftness             Air            15%        N/A       11%         3
d - Airstrike             Air            7%         N/A       36%         4
e - Magic Dart            Conj           60%        1d6       3%          1
Your spell library was empty.

Dungeon Overview and Level Annotations

Branches:
Dungeon (3/15)

Altars:
Kikubaaqudgha

Annotations:
D:3 Ijyb


Innate Abilities, Weirdness & Mutations

You are immune to sickness and miasma.
You are immune to poison.
Your flesh is very heat resistant. (rF++)
You are vulnerable to cold. (rC-)
You float through the air rather than walking.
You learn spells naturally, not from books.
Your magical power is your life essence.
You have superior vitality. (+4 MHP)


Message History

The hobgoblin is heavily wounded.
The zap hits the hobgoblin.
You kill the hobgoblin!
You can't see any susceptible monsters within range! (Use Z to cast anyway.)
You can't see any susceptible monsters within range! (Use Z to cast anyway.)
You can't see any susceptible monsters within range! (Use Z to cast anyway.)
You can't see any susceptible monsters within range! (Use Z to cast anyway.)
Found a leather armour.
You see here a hobgoblin corpse.
You now have 80 gold pieces (gained 11).
You see here a +0 leather armour.
Ijyb the Twisted Goblin comes into view.
She is wielding a +2 dagger of electrocution and carrying a wand of iceblast (13).
Ijyb is nearby!
Ijyb is nearby!
The zap hits Ijyb.
Ijyb is lightly wounded.
The zap hits Ijyb.
Ijyb is moderately wounded.
The zap hits Ijyb but does no damage.
Ijyb is lightly wounded.
The zap misses Ijyb.
The zap hits Ijyb.
Ijyb is moderately wounded.
The zap hits Ijyb.
Ijyb is moderately wounded.
Ijyb zaps a wand.
The mass of ice explodes!
The iceblast engulfs you!
You feel a painful chill!
You are too injured to fight recklessly!
You are too injured to fight recklessly!
You are too injured to fight recklessly!
You are too injured to fight recklessly!
Casting: Shock (safe; 3% risk of failure)
Confirm with . or Enter, or press ? or * to list all spells.
Okay, then.
You are too injured to fight recklessly!
Unknown command.
It was a potion of cancellation.
You feel magically purged.
Ijyb zaps a wand.
The mass of ice explodes!
The iceblast engulfs you!!
You feel a painful chill!
Ouch! That really hurt!
You die...

...#
#...........[..#
#.. ##)#
#########.######
#.. ##.# #.# ...
'..# #.# .##.
#..### #.# .. #.
#....# #.# .# ..
#..#.# #.#
...#.# #.#
####.# #@# # #.#
#.# ####.# #g#
'.##.# #.#
#.##.# #.#
#....# #.#
.###.####### #.#
...........# #..
.###.#####.#


You could see Ijyb.

Vanquished Creatures
  2 adders
  A worm (D:2)
  A dart slug (D:2)
  A bat (D:2)
  2 endoplasms
  2 giant cockroaches (D:1)
  4 goblins
  4 hobgoblins
  4 jackals (D:2)
  2 quokkas
  5 ball pythons (D:2)
  2 frilled lizards
  3 kobolds (D:1)
  3 rats
36 creatures vanquished.

Notes
Turn   | Place    | Note
-------+----------+-------------------------------------------
     0 | D:1      | oldriver the Djinni Air Elementalist began the quest for
                  | the Orb.
     0 | D:1      | Reached XP level 1. HP: 15/15 MP: 0/0
   479 | D:1      | Reached XP level 2. HP: 18/21 MP: 0/0
  1401 | D:2      | Reached skill level 3 in Spellcasting
  1401 | D:2      | Reached XP level 3. HP: 18/26 MP: 0/0
  1401 | D:2      | Learned a level 1 spell: Magic Dart
  1931 | D:2      | Reached skill level 1 in Fighting
  2532 | D:2      | Reached XP level 4. HP: 25/32 MP: 0/0
  3163 | D:3      | Noticed Ijyb
  3170 | D:3      | Killed from afar by Ijyb

Illustrated notes

Levels and vault maps discovered:
D:1:      evilmike_arrival_crescent, layout_rooms, kennysheep_crisscross,
          kennysheep_doodads, minmay_hedge_maze
D:2:      layout_basic
D:3:      layout_loops_ring, kiku_gazebo_pond_becter,
          chequers_serial_rivers_micro_c, grunt_ministairs_13,
          serial_bayou_pond_e, uniq_ijyb

Skill      XL: |  1  2  3 |
---------------+----------+-----
Spellcasting   | 3 |  3.4
Fighting       | 1 |  1.2
Dodging        | |  2.4
Stealth        | |  1.7

Action                   |  1- 3 |  4- 6 || total
-------------------------+-------+-------++-------
 Cast: Shock             |    82 |    19 ||   101
  Use: Potion            |       |     1 ||     1
Armor: Robe              |     5 |       ||     5
Dodge: Dodged            |     9 |     5 ||    14

Table legend: (Time is in decaauts)
 A = Elapsed time spent in this place.
 B = Non-inter-level travel time spent in this place.
 C = Inter-level travel time spent in this place.
 D = Time resting spent in this place.
 E = Time spent auto-exploring this place.
 F = Levels seen in this place.
 G = Mean time per level.
                   A        B        C        D        E       F      G
               +--------+--------+--------+--------+--------+-----+--------+
         Total |   3169 |   3082 |     87 |    110 |   2780 |   3 | 1056.3 |
       Dungeon |   3169 |   3082 |     87 |    110 |   2780 |   3 | 1056.3 |
               +--------+--------+--------+--------+--------+-----+--------+

Top non-repeatable levels by time:
     D:2: 1556 daAuts
     D:1: 1177 daAuts
     D:3: 435 daAuts
